 Dungeon Crawl Stone Soup version 0.23-a0-704-g7fdf9c5 (webtiles) character file.

759 inmateoo the Chopper (level 7, -1/61 HPs)
             Began as a Minotaur Fighter on Jan 14, 2019.
             Slain by an orc warrior
             ... wielding a +0 dire flail
              (22 damage)
             ... on level 7 of the Dungeon.
             The game lasted 00:03:17 (3101 turns).

inmateoo the Chopper (Minotaur Fighter)             Turns: 3101, Time: 00:03:18

Health: -1/61      AC:  7    Str: 27    XL:     7   Next: 50%
Magic:  6/6        EV:  9    Int:  5    God:
Gold:   197        SH: 10    Dex: 10    Spells: 6/6 levels left

rFire    . . .     SeeInvis .   a - +0 war axe
rCold    . . .     Gourm    .   c - +0 shield
rNeg     . . .     Faith    .   b - +0 scale mail
rPois    .         Spirit   .   (helmet restricted)
rElec    .         Reflect  .   (no cloak)
rCorr    .         Harm     .   (no gloves)
MR       .....                  (no boots)
Stlth    ..........             (no amulet)
HPRegen  0.20/turn              (no ring)
MPRegen  0.10/turn              (no ring)

@: mighty
A: retaliatory headbutt, horns 2
a: no special abilities


You were on level 7 of the Dungeon.
You were very hungry.

You visited 1 branch of the dungeon, and saw 5 of its levels.

You collected 197 gold pieces.

Inventory:

Hand Weapons
 a - a +0 war axe (weapon)
 n - a +1 flail of crushing
Missiles
 l - 60 stones (quivered)
Armour
 b - a +0 scale mail (worn)
 c - a +0 shield (worn)
Scrolls
 e - a scroll of fog {unknown}
 h - 2 scrolls of amnesia {unknown}
 i - 4 scrolls of remove curse {unknown}
 j - 5 scrolls of identify {unknown}
 m - 9 scrolls of teleportation {unknown}
 p - 2 scrolls of fear {unknown}
 s - a scroll of magic mapping {unknown}
Potions
 g - 7 potions of curing {unknown}
 k - a potion of agility {unknown}
 o - a potion of cancellation {unknown}
 q - a potion of mutation {unknown}
 r - a potion of lignification {unknown}
 t - a potion of degeneration {unknown}
 u - a potion of haste {unknown}
Comestibles
 f - 6 rations


   Skills:
 + Level 5.6 Fighting
 * Level 6.7 Axes
 + Level 5.5 Armour
 + Level 2.0 Dodging
 + Level 5.6 Shields


You had 6 spell levels left.
You didn't know any spells.
Your spell library was empty.

Dungeon Overview and Level Annotations

Branches:
Dungeon (4/15)             Temple (0/1) D:4

Altars:
Fedhas
Sif Muna


Innate Abilities, Weirdness & Mutations

You reflexively headbutt those who attack you in melee.
You have a pair of horns on your head.


Message History

You are too injured to fight recklessly!
Unknown command.
You slash the orc!
You kill the orc!
You slice the sky beast!!
You kill the sky beast!
Your Dodging skill increases to level 2!
You hit the orc warrior but do no damage.
You block the orc warrior's attack.
You slash the orc!
You kill the orc!
You closely miss the orc warrior.
The orc warrior hits you but does no damage.
You are too injured to fight recklessly!
Unknown command.
You are too injured to fight recklessly!
You slash the orc warrior!
The orc warrior is severely wounded.
The orc warrior hits you with a +0 dire flail!!
You die...

.. .... ##....
########+#......
#...............
+.............#
#.............##
#...o...).......
#...@)........#
###.##........#
#. ###......# ..
##.....# ...
#....# ....
##### ...##
...##y


You could see a moth of wrath and an orc warrior.

Vanquished Creatures
  Sigmund (D:2)
  A sky beast (D:7)
  An ogre (D:4)
  A bullfrog zombie (D:7)
  An orc priest (D:4)
  Natasha (thrice) (D:2)
  2 iguanas
  Terence (D:2)
  10 adders
  2 oozes
  4 worms
  A dart slug (D:2)
  A leopard gecko (D:1)
  12 orcs
  2 giant cockroaches
  13 goblins
  10 hobgoblins
  4 jackals (D:2)
  3 quokkas
  A ball python (D:1)
  4 bats
  7 frilled lizards
  8 kobolds
  7 rats
100 creatures vanquished.

Notes
Turn   | Place    | Note
-------+----------+-------------------------------------------
     0 | D:1      | inmateoo the Minotaur Fighter began the quest for the Orb.
     0 | D:1      | Reached XP level 1. HP: 19/19 MP: 0/0
   150 | D:1      | Reached XP level 2. HP: 27/27 MP: 1/1
   225 | D:1      | Reached skill level 3 in Axes
   503 | D:2      | Noticed Terence
   508 | D:2      | Reached XP level 3. HP: 33/33 MP: 2/2
   518 | D:2      | Killed Terence
   572 | D:2      | Reached XP level 4. HP: 17/40 MP: 3/3
  1012 | D:2      | Reached skill level 4 in Axes
  1087 | D:2      | Noticed Sigmund
  1108 | D:2      | Killed Sigmund
  1108 | D:2      | Reached skill level 5 in Axes
  1108 | D:2      | Reached XP level 5. HP: 16/47 MP: 0/4
  1331 | D:2      | Found a blossoming altar of Fedhas.
  1332 | D:2      | Noticed Natasha
  1336 | D:2      | Reached XP level 6. HP: 32/55 MP: 5/5
  1354 | D:2      | Killed Natasha
  1545 | D:2      | Noticed Natasha
  1551 | D:2      | Killed Natasha
  1551 | D:2      | Reached skill level 5 in Fighting
  1551 | D:2      | Reached skill level 5 in Shields
  1617 | D:2      | Noticed Natasha
  1623 | D:2      | Killed Natasha
  1736 | D:3      | Reached skill level 5 in Armour
  1999 | D:3      | Found a deep blue altar of Sif Muna.
  2066 | D:3      | Reached skill level 1 in Dodging
  2736 | D:4      | Reached skill level 6 in Axes
  2736 | D:4      | Reached XP level 7. HP: 44/61 MP: 6/6
  3068 | D:4      | Found a staircase to the Ecumenical Temple.
  3076 | D:4      | You fall through a shaft for 3 floors!
  3088 | D:7      | Noticed a moth of wrath
  3101 | D:7      | Slain by an orc warrior

Vault maps used:
D:1:      wander_arrival_peaceful_grave
D:2:      lemuel_round_altar, first_ration, uniq_natasha, uniq_sigmund,
          uniq_terence
D:3:      lemuel_blue_sif_altar
D:4:      minmay_temple_entry_crystal_x, serial_shops,
          nicolae_shop_window_shopping, minmay_divided_ellipse
D:7:      serial_shops, nicolae_shop_statue_plus, tgw_trog, uniq_harold

Skill      XL: |  1  2  3  4  5  6  7 |
---------------+----------------------+-----
Axes           | 3 5 6 |  6.7
Fighting       | 4 5 |  5.6
Shields        | 4 5 |  5.6
Armour         | 4 5 |  5.5
Dodging        | 1 2 |  2.0

Action                   |  1- 3 |  4- 6 |  7- 9 || total
-------------------------+-------+-------+-------++-------
Melee: War axe           |    65 |   177 |    29 ||   271
       Headbutt          |     9 |    23 |     3 ||    35
Throw: Stone             |       |     3 |       ||     3
  Use: Potion            |       |       |     1 ||     1
  Eat: Chunk             |       |     6 |       ||     6
Armor: Scale mail        |    24 |    58 |    17 ||    99
Dodge: Dodged            |    30 |    40 |    20 ||    90
Block: Shield            |    37 |    81 |    31 ||   149

Table legend:
 A = Non-vault XP
 B = Vault XP
 C = Vault XP percentage of total XP
 D = Non-vault monster count
 E = Vault monster count
 F = Vault count percentage of total count
                 A         B        C        D         E       F
            +---------+---------+-------+---------+---------+-------
      Total |     789 |     296 |  27.3 |      97 |       3 |   3.0
            +---------+---------+-------+---------+---------+-------
        D:1 |      37 |       0 |   0.0 |      21 |       0 |   0.0
        D:2 |     176 |     296 |  62.7 |      34 |       3 |   8.1
        D:3 |     113 |       0 |   0.0 |      24 |       0 |   0.0
        D:4 |     230 |       0 |   0.0 |      11 |       0 |   0.0
        D:7 |     233 |       0 |   0.0 |       7 |       0 |   0.0
            +---------+---------+-------+---------+---------+-------
